 Dungeon Sprint DCSS version 0.26.1-11-gd32895ea62 (webtiles) character file.

Game seed: 9532913195172048983

5796 Groucho the Imperceptible (level 10, 57/57 HPs)
             Began as a Felid Berserker on July 28, 2021.
             Was an Elder of Trog.
             Got out of the dungeon alive.
             The game lasted 00:11:11 (3084 turns).

Groucho the Imperceptible (Felid Berserker)         Turns: 3084, Time: 00:11:12

Health: 57/57      AC:  3    Str: 13    XL:     10   Next: 50%
Magic:  11/11      EV: 34    Int:  9    God:    Trog [****..]
Gold:   3213       SH:  8    Dex: 20    Spells: 9/9 levels left
                                        Lives:  0   Deaths: 2

rFire    . . .     SeeInvis +     - Unarmed
rCold    + . .     Faith    .   (shield unavailable)
rNeg     . . .     Spirit   +   (armour unavailable)
rPois    .         Reflect  .   (helmet unavailable)
rElec    .         Harm     .   (cloak unavailable)
rCorr    .         Rampage  .   (gloves unavailable)
Will     +....     NoTele   +   (boots unavailable)
Stlth    ++++++++++             o - brooch of Shielding {Spirit SH+8}
HPRegen  0.19/turn              l - ring of flight
MPRegen  0.12/turn              (no ring)

@: quick
A: very small, no armour, no weapons or thrown items, stealth, claws 1, fangs 3,
see invisible, speed 1, shaggy fur 3, sharp paws
a: Renounce Religion, Evoke Flight, Berserk, Trog's Hand, Brothers in Arms


You escaped.
You worshipped Trog.
Trog was greatly pleased with you.
You visited 1 branch You collected 3271 gold pieces.
You spent 58 gold pieces at shops.

Inventory:

Jewellery
 l - a ring of flight (left paw)
 n - an uncursed ring of see invisible {unknown}
 o - the brooch of Shielding (around neck) {Spirit SH+8}
   (You found it in the Dungeon)

   [amulet of guardian spirit]

   It causes incoming damage to be split between your health and magic.
   It affects your SH (+8).
Wands
 g - a wand of polymorph (8)
 h - a wand of digging (3)
Scrolls
 k - a scroll of enchant weapon {unknown}
 m - 3 scrolls of fog {unknown}
Potions
 a - 4 potions of curing
 c - a potion of haste
 d - 2 potions of magic
 e - a potion of berserk rage
 f - 2 potions of might {unknown}
 i - a potion of flight
 j - a potion of lignification {unknown}


   Skills:
 + Level 14.3 Fighting
 + Level 17.9 Dodging
 + Level 24.7 Stealth
 + Level 14.3 Unarmed Combat


You had 9 spell levels left.
You didn't know any spells.
Your spell library was empty.

Dungeon Overview and Level Annotations

Branches:
Dungeon (1/1)

Altars:
Cheibriados
Dithmenos
Elyvilon
Fedhas
Gozag
Hepliaklqana
Kikubaaqudgha
Makhleb
Nemelex Xobeh
Okawaru
Qazlal
Ru
Sif Muna
Trog
Uskayaw
Vehumet
Wu Jian
Xom
Yredelemnul
Zin
The Shining One
Jiyva
Lugonu

Shops:
D }(}}([*(!*[?[((!::([[

Annotations:
D Lernaean hydra, Lom Lobon


Innate Abilities, Weirdness & Mutations

You cannot wear armour.
You are incapable of wielding weapons or throwing items.
Your paws allow you to move quietly. (Stealth)
You have sharp claws.
You have razor-sharp teeth.
You have supernaturally acute eyesight. (SInv)
You cover ground quickly.
Your thick and shaggy fur keeps you warm. (AC +3, rC+)
Your sharp claws are effective at attacking unaware monsters.


Message History

There is an open door here.
There is an open door here.
There is an open door, spattered with blood here.
There is an open door here.
There is an open door, spattered with blood here.
There is an open door here.
There is an open door here.
You avoid triggering an arrow trap.
There is an arrow trap here.
There is an open door here.
There is an open door here.
Things that are here:
a +0 scythe; a +0 robe
There is an open door here.
You see here a +0 giant club.
There is an open door here.
There is an open door here.
There is a staircase leading out of the dungeon here.
Are you sure you want to leave the Dungeon?
This will make you lose the game!
You have escaped!

##################
#@.#..'..#.)'..#__
#..'[.#.)'..#..'^.
#..#####'#####'#__
#..####..#...#.###
#..#__####..##.#§≈
#..#_____##'#§.'§§
#⌠⌠#_.∩...'..._#≈§
##.#_..__##_.#'##+
#..#_____###'#.#..


There were no monsters in sight!

Vanquished Creatures
  A daeva (D)
  A lorocyproca (D)
  A hydra (D)
  2 centaur warriors (D)
  Sonja (D)
  7 unseen horrors (D)
  A deep troll (D)
  A lindwurm (D)
  An oklob plant (D)
  A merfolk siren (D)
  2 kobold demonologists (D)
  A meliai (D)
  2 hornets (D)
  A slime creature (D)
  Sigmund (D)
  2 redbacks (D)
  A yak (D)
  13 hogs (D)
  3 floating eyes (D)
  7 necrophages (D)
  An ogre (D)
  8 jellies (D)
  Ijyb (D)
60 creatures vanquished.

Vanquished Creatures (collateral kills)
  A deep elf master archer (D)
  8 shining eyes (D)
  4 demonic crawlers (D)
  2 hornets (D)
  4 floating eyes (D)
19 creatures vanquished.

Vanquished Creatures (others)
  A gargoyle (D)
  A hornet (D)
  2 ballistomycete spores (D)
4 creatures vanquished.

Grand Total: 83 creatures vanquished

Notes
Turn   | Place    | Note
-------+----------+-------------------------------------------
     0 | D        | Groucho the Felid Berserker began the quest for the Orb.
     0 | D        | Reached XP level 1. HP: 10/10 MP: 2/2
     2 | D        | Noticed Ijyb
     9 | D        | Killed Ijyb
    10 | D        | Reached skill level 8 in Stealth
    10 | D        | Reached XP level 2. HP: 14/14 MP: 3/3
    43 | D        | Noticed an ogre
    45 | D        | Killed an ogre
    46 | D        | Reached skill level 12 in Stealth
    46 | D        | Reached XP level 3. HP: 17/17 MP: 4/4
    46 | D        | Reached XP level 4. HP: 21/21 MP: 5/5
    59 | D        | Noticed Sigmund
    61 | D        | Killed Sigmund
    61 | D        | Reached ** piety under Trog
    62 | D        | Reached skill level 16 in Stealth
    62 | D        | Reached XP level 5. HP: 24/24 MP: 6/6
   250 | D        | Found a shimmering blue altar of Sif Muna.
   251 | D        | Found an ornate altar of the Wu Jian Council.
   252 | D        | Found a radiant altar of Vehumet.
   257 | D        | Gained mutation: You are covered in thick fur. (AC +2)
                  | [Felid growth]
   257 | D        | Reached XP level 6. HP: 28/28 MP: 7/7
   265 | D        | Found Suexoram's Gadget Emporium.
   265 | D        | Found an ancient bone altar of Kikubaaqudgha.
   265 | D        | Found a hazy altar of Hepliaklqana.
   265 | D        | Found a stormy altar of Qazlal.
   265 | D        | Found a hide-covered altar of Uskayaw.
   265 | D        | Found a blossoming altar of Fedhas.
   265 | D        | Found a bloodstained altar of Trog.
   265 | D        | Found an iron altar of Okawaru.
   265 | D        | Found a basalt altar of Yredelemnul.
   265 | D        | Found a glowing golden altar of the Shining One.
   265 | D        | Found a snail-covered altar of Cheibriados.
   265 | D        | Found a sacrificial altar of Ru.
   265 | D        | Found a glowing silver altar of Zin.
   265 | D        | Found a shadowy altar of Dithmenos.
   265 | D        | Found a white marble altar of Elyvilon.
   265 | D        | Noticed a yak
   277 | D        | Killed a yak
   278 | D        | Reached skill level 18 in Stealth
   278 | D        | Found an opulent altar of Gozag.
   617 | D        | Found a sparkling altar of Nemelex Xobeh.
   647 | D        | Found a burning altar of Makhleb.
   647 | D        | Found a shimmering altar of Xom.
   647 | D        | Noticed a slime creature
   648 | D        | Found a viscous altar of Jiyva.
   648 | D        | Found a corrupted altar of Lugonu.
   650 | D        | Killed a slime creature
   650 | D        | Reached *** piety under Trog
   651 | D        | Reached skill level 5 in Dodging
   651 | D        | Reached XP level 7. HP: 32/32 MP: 8/8
   788 | D        | Noticed a centaur warrior
   788 | D        | Noticed a centaur warrior
   789 | D        | Killed a centaur warrior
   790 | D        | Reached skill level 19 in Stealth
   790 | D        | Reached XP level 8. HP: 39/39 MP: 9/9
   791 | D        | Killed a centaur warrior
   792 | D        | Reached skill level 10 in Dodging
   792 | D        | Reached skill level 20 in Stealth
   802 | D        | Noticed a hornet
   805 | D        | Killed a hornet
   805 | D        | Reached **** piety under Trog
   806 | D        | Reached XP level 9. HP: 44/44 MP: 10/10
   816 | D        | Noticed an oklob plant
   818 | D        | Killed an oklob plant
   835 | D        | Reached ***** piety under Trog
   855 | D        | Noticed an unseen horror
   856 | D        | Noticed an unseen horror
   862 | D        | Killed an unseen horror
   863 | D        | Reached skill level 21 in Stealth
   864 | D        | Killed an unseen horror
   865 | D        | Reached XP level 10. HP: 51/51 MP: 11/11
   869 | D        | Reached skill level 10 in Fighting
   869 | D        | Reached skill level 10 in Unarmed Combat
  1152 | D        | Reached ****** piety under Trog
  1196 | D        | Found Kehiptu Xott's Weapon Shoppe.
  1196 | D        | Found Gusoamy's General Store.
  1196 | D        | Found Asog Fud's Distillery.
  1198 | D        | Found Gizaed's General Store.
  1198 | D        | Found Vubetaw's Armour Shop.
  1198 | D        | Found Pirruu's Magic Scroll Shoppe.
  1198 | D        | Found Datzump's Antique Armour Boutique.
  1198 | D        | Found Xukieg's Antique Weapon Emporium.
  1198 | D        | Found Tugh's Antique Weapon Shop.
  1198 | D        | Found Zayxuene's Distillery.
  1206 | D        | Found Pegohaul's Book Boutique.
  1208 | D        | Bought a potion of flight for 36 gold pieces
  1209 | D        | Found Ysirruet's Antique Weapon Emporium.
  1209 | D        | Found Zoifit's Book Boutique.
  1210 | D        | Found Biffanau's Armour Emporium.
  1232 | D        | Bought a scroll of identify for 22 gold pieces
  1301 | D        | Noticed a deep troll
  1303 | D        | Killed a deep troll
  1315 | D        | Found Mumar's Armour Emporium.
  1325 | D        | Noticed Sonja
  1328 | D        | Killed Sonja
  1329 | D        | Reached skill level 22 in Stealth
  1345 | D        | Found Noic's Gadget Boutique.
  1735 | D        | Noticed a lindwurm
  1739 | D        | Killed a lindwurm
  1755 | D        | Reached XP level 11. HP: 57/57 MP: 12/12
  1785 | D        | Reached skill level 15 in Dodging
  1802 | D        | Reached skill level 23 in Stealth
  1942 | D        | Noticed a 12-headed hydra
  1944 | D        | Killed a 12-headed hydra
  2009 | D        | Noticed a shining eye
  2009 | D        | Noticed a shining eye
  2009 | D        | Noticed a shining eye
  2009 | D        | Noticed a shining eye
  2009 | D        | Noticed a shining eye
  2009 | D        | Noticed a shining eye
  2011 | D        | Killed a shining eye
  2012 | D        | Killed a shining eye
  2013 | D        | Killed a shining eye
  2014 | D        | Killed a shining eye
  2015 | D        | Noticed a shining eye
  2015 | D        | Noticed a shining eye
  2016 | D        | Killed a shining eye
  2019 | D        | Killed a shining eye
  2020 | D        | Killed a shining eye
  2021 | D        | Killed a shining eye
  2030 | D        | Found Korome Tuerph's Weapon Shop.
  2030 | D        | Found Beivuirgh's Antique Weapon Shoppe.
  2030 | D        | Found Boush's Antique Armour Boutique.
  2030 | D        | Found Toon's Gadget Emporium.
  2473 | D        | Noticed a daeva
  2580 | D        | Killed a daeva
  2615 | D        | Noticed an unseen horror
  2615 | D        | Noticed an unseen horror
  2615 | D        | Noticed an unseen horror
  2615 | D        | Noticed an unseen horror
  2615 | D        | Noticed an unseen horror
  2621 | D        | Killed an unseen horror
  2629 | D        | Killed an unseen horror
  2630 | D        | Reached skill level 24 in Stealth
  2633 | D        | Killed an unseen horror
  2639 | D        | Killed an unseen horror
  2640 | D        | Killed an unseen horror
  2641 | D        | Gained mutation: Your thick and shaggy fur keeps you warm.
                  | (AC +3, rC+) [Felid growth]
  2641 | D        | Reached XP level 12. HP: 63/63 MP: 13/13
  2795 | D        | Noticed a fire giant
  2798 | D        | Noticed a fire giant
  2799 | D        | Noticed a fire giant
  2800 | D        | Noticed a fire giant
  2807 | D        | Killed from afar by a fire giant
  2808 | D        | Reached XP level 11. HP: -4/59 MP: 12/12
  2892 | D        | Found the brooch of Shielding {Spirit SH+8}
  2892 | D        | Noticed a deep elf master archer
  2893 | D        | Noticed the 27-headed Lernaean hydra
  2910 | D        | Noticed Lom Lobon
  2949 | D        | Killed a deep elf master archer
  2952 | D        | HP: 3/90 [the 27-headed Lernaean hydra (12)]
  2952 | D        | Mangled by the 27-headed Lernaean hydra
  2953 | D        | Reached XP level 10. HP: -9/84 MP: 0/11
  2984 | D        | Noticed a lorocyproca
  2987 | D        | Killed a lorocyproca
  3084 | D        | Got out of the dungeon alive.

Illustrated notes

Levels and vault maps discovered:
D:        dungeon_sprint_1 [red_sonja_temple_1, red_sonja_temple_small_1]

Skill      XL: |  1  2  3  4  5  6  7  8  9 10 11 |
---------------+----------------------------------+-----
Stealth        | 8 12 16 18 19 20 21 22 24 | 24.7
Fighting       | 4 6 8 9 11 14 | 14.3
Dodging        | 5 8 10 12 14 17 | 17.9
Unarmed Combat | 4 6 8 9 11 14 | 14.3

Action                   |  1- 3 |  4- 6 |  7- 9 | 10-12 || total
-------------------------+-------+-------+-------+-------++-------
Melee: Unarmed           |     5 |    14 |     9 |   125 ||   153
       Bite              |       |     1 |       |    16 ||    17
       Punch             |       |       |       |     9 ||     9
Invok: Berserk           |     1 |     1 |       |     5 ||     7
       Brothers in Arms  |       |       |       |    15 ||    15
       Trog's Hand       |       |       |       |     5 ||     5
Evoke: Wand              |       |       |       |     4 ||     4
  Use: Scroll            |       |       |     1 |     1 ||     2
       Potion            |       |       |       |     1 ||     1
 Stab: Sleeping          |     2 |     3 |     9 |    20 ||    34
Armor: Skin              |     1 |       |       |     1 ||     2
Dodge: Dodged            |     1 |     5 |       |   146 ||   152
Block: Other             |       |       |       |     2 ||     2
